 Dungeon Crawl Stone Soup version 0.25-a0-246-g58704a1 (webtiles) character file.

Game seed: 1044080592045161337, levelgen mode: deterministic

4 Firecrotchwizard the Firebug (level 1, -4/14 HPs)
             Began as a Hill Orc Fire Elementalist on Dec 4, 2019.
             Killed from afar by a dart slug (5 damage)
             ... with a slug dart
             ... on level 1 of the Dungeon.
             The game lasted 00:01:29 (39 turns).

Firecrotchwizard the Firebug (HOFE)                   Turns: 39, Time: 00:01:30

Health: -4/14      AC:  2    Str: 10    XL:     1   Next: 60%
Magic:  0/3        EV: 12    Int: 15    God:
Gold:   0          SH:  0    Dex: 11    Spells: 2/3 levels left

rFire    . . .     SeeInvis .   (no weapon)
rCold    . . .     Gourm    .   (no shield)
rNeg     . . .     Faith    .   a - +0 robe
rPois    .         Spirit   .   (no helmet)
rElec    .         Reflect  .   (no cloak)
rCorr    .         Harm     .   (no gloves)
MR       .....                  (no boots)
Stlth    ++........             (no amulet)
HPRegen  0.04/turn              (no ring)
MPRegen  0.08/turn              (no ring)

@: no status effects
A: no striking features
a: no special abilities


You were on level 1 of the Dungeon.
You were not hungry.

You visited 1 branch of the dungeon, and saw 1 of its levels.

Inventory:

Armour
 a - a +0 robe (worn)
Comestibles
 c - a ration


   Skills:
 + Level 1.6 Dodging
 + Level 1.6 Stealth
 + Level 1.6 Spellcasting
 + Level 1.1 Conjurations
 + Level 3.3 Fire Magic


You had 2 spell levels left.
You knew the following spells:

 Your Spells              Type           Power        Failure   Level  Hunger
a - Foxfire               Conj/Fire      #...         10%         1    ##.....

Your spell library contained the following spells:

 Spells                   Type           Power        Failure   Level  Hunger
 Conjure Flame            Conj/Fire      #.......     28%         3    ####...
 Inner Flame              Hex/Fire       #.......     34%         3    ####...
 Sticky Flame             Conj/Fire      #.......     67%         4    #####..
 Fireball                 Conj/Fire      #.........   95%         5    ######.


Dungeon Overview and Level Annotations

Branches:
Dungeon (1/15)

Altars:


Message History

Welcome, Firecrotchwizard the Hill Orc Fire Elementalist.
Will you be the one to retrieve the awesome Orb of Zot from the depths?
Found a staircase leading out of the dungeon.
Okay, then.
You conjure some foxfire!
You now have 2/3 mp.
Okay, then.
Okay, then.
Okay, then.
Do you really want to walk into your foxfire?
Unknown command.
Unknown command.
You open the door.
A dart slug comes into view.
The foxfire hits the dart slug. x2
There is a staircase leading out of the dungeon here.
The dart slug misses you.
There is an open door here.
You hit the dart slug. The dart slug bites you.
You take 1 damage, and have 13/14 hp.
You hit the dart slug.
You kill the dart slug!
A bat comes into view.
The bat closely misses you.
You miss the bat. The bat closely misses you.
A dart slug comes into view.
The bat closely misses you.
You barely miss the bat. The bat hits you.
You take 1 damage, and have 12/14 hp.
MP restored: 3 The bat closely misses you.
The bat closely misses you. x2
You closely miss the bat. The bat hits you but does no damage.
A bat comes into view.
The bat closely misses you.
A goblin comes into view.
The bat hits you but does no damage. The bat misses you.
The dart slug launches a dart at you. The slug dart hits you.
You take 4 damage, and have 8/14 hp.
MASSIVE DAMAGE!!
The bat closely misses you. x2
The dart slug launches a dart at you. The slug dart misses you.
The bat barely misses you. x2
There is an open door here.
The bat hits you but does no damage. The bat hits you but does no damage.
You barely miss the bat. The bat misses you. The bat barely misses you.
The bat closely misses you. The bat barely misses you.
You hit the bat. The bat misses you. The bat barely misses you.
The bat hits you but does no damage.
You barely miss the bat. The bat hits you but does no damage.
The bat closely misses you. The bat barely misses you.
The dart slug launches a dart at you. The slug dart hits you.
You take 3 damage, and have 6/14 hp.
MASSIVE DAMAGE!!
You barely miss the bat. The bat hits you but does no damage.
The bat barely misses you.
You hit the bat. The bat misses you. The bat completely misses you.
The bat hits you but does no damage. The bat barely misses you.
The bat hits you. The bat closely misses you.
The dart slug launches a dart at you.
The slug dart hits you but does no damage.
There is a staircase leading out of the dungeon here.
You take 1 damage, and have 5/14 hp.
The bat closely misses you. The bat hits you.
* * * LOW HITPOINT WARNING * * *
You take 1 damage, and have 4/14 hp.
You conjure some foxfire!
The bat misses you.
The foxfire hits the bat.
You kill the bat!
You now have 2/3 mp.
You hit the dart slug but do no damage. The bat misses you.
You hit the dart slug but do no damage. The bat barely misses you.
You conjure some foxfire!
The bat hits you but does no damage. The dart slug closely misses you.
You now have 1/3 mp.
You hit the dart slug.
The foxfire hits the bat.
The foxfire hits the bat but does no damage.
The bat closely misses you. The dart slug barely misses you.
You hit the dart slug. The bat barely misses you. The dart slug bites you.
* * * LOW HITPOINT WARNING * * *
You take 2 damage, and have 2/14 hp.
You conjure some foxfire!
The bat completely misses you.
You now have 0/3 mp.
You hit the dart slug.
The foxfire hits the bat. x2
You kill the bat!
The dart slug bites you.
* * * LOW HITPOINT WARNING * * *
You take 1 damage, and have 1/14 hp.
You don't have enough magic to cast that spell.
You hit the dart slug but do no damage. The dart slug launches a dart at you.
The slug dart hits you.
You die...

### ..# #.######
# #......#
#..######.####.#
#..............#
.........v.....#
......##w##....#
.....##..@##...#
...$ #..<..#...#
... ##...##...#
## ##+## ....#
...#.. .g..##.
.....


You could see a dart slug.

Vanquished Creatures
  A dart slug (D:1)
  2 bats (D:1)
3 creatures vanquished.

Vanquished Creatures (others)
  5 foxfires (D:1)
5 creatures vanquished.

Grand Total: 8 creatures vanquished

Notes
Turn   | Place    | Note
-------+----------+-------------------------------------------
     0 | D:1      | Firecrotchwizard the Hill Orc Fire Elementalist began the
                  | quest for the Orb.
     0 | D:1      | Reached XP level 1. HP: 14/14 MP: 3/3
    36 | D:1      | HP: 2/14 [dart slug (2)]
    39 | D:1      | Killed from afar by a dart slug

Levels and vault maps discovered:
D:1:      dpeg_arrival_shelter, layout_loops_ring, corexii_leaking_fountain,
          minmay_box_of_dots

Action                   || total
-------------------------++-------
Melee: Unarmed           ||    16
 Cast: Foxfire           ||     4
Armor: Robe              ||    10
Dodge: Dodged            ||    36

Table legend:
 A = Non-vault XP
 B = Vault XP
 C = Vault XP percentage of total XP
 D = Non-vault monster count
 E = Vault monster count
 F = Vault count percentage of total count
                 A         B        C        D         E       F
            +---------+---------+-------+---------+---------+-------
      Total |       6 |       0 |   0.0 |       3 |       0 |   0.0
            +---------+---------+-------+---------+---------+-------
        D:1 |       6 |       0 |   0.0 |       3 |       0 |   0.0
            +---------+---------+-------+---------+---------+-------

Levels and vault maps discovered:
D:1:      dpeg_arrival_shelter, layout_loops_ring, corexii_leaking_fountain,
          minmay_box_of_dots

Table legend:
 A = Turns spent in this place as a percentage of turns spent in the entire game.
 B = Non-inter-level travel turns spent in this place as a percentage of non-inter-level travel turns spent in the entire game.
 C = Inter-level travel turns spent in this place as a percentage of turns spent in this place.
 D = Turns resting spent in this place as a percentage of non-inter-level travel turns spent in this place.
 E = Turns spent auto-exploring this place as a percentage of non-inter-level travel turns spent in this place.
 F = Non-inter-level travel turns spent in this place divided by the number of levels of this place that you've seen.
                   A       B       C       D       E      F
               +-------+-------+-------+-------+-------+----------------------
         Total | 100.0 | 100.0 |   0.0 |   0.0 |   0.0 |  39.0
       Dungeon | 100.0 | 100.0 |   0.0 |   0.0 |   0.0 |  39.0
               +-------+-------+-------+-------+-------+----------------------

Table legend:
 A = Kills in this place as a percentage of kills in entire the game.
 B = Kills by you in this place as a percentage of kills by you in the entire game.
 C = Kills by friends in this place as a percentage of kills by friends in the entire game.
 D = Other kills in this place as a percentage of other kills in the entire game.
 E = Experience gained in this place as a percentage of experience gained in the entire game.
 F = Experience gained in this place divided by the number of levels of this place that you have seen.
                   A       B       C       D       E      F
               +-------+-------+-------+-------+-------+----------------------
         Total | 100.0 | 100.0 |   N/A |   N/A | 100.0 |   6.0
       Dungeon | 100.0 | 100.0 |   N/A |   N/A | 100.0 |   6.0
               +-------+-------+-------+-------+-------+----------------------
